[ AOE2 MATCH · #507955352 ]
UnrankedTupi vs Wu
Player's team · WIN
Rival team · LOSS
[ REPLAY ANALYSIS · EXTRACTED FROM THE RECORDED GAME ]
Feudal
10:31
Castle
14:25
Imperial
38:11
| APM avg | 85.1 |
| APM peak | 130 |
| eAPM avg | 53.4 |
| Villagers / military | 206 / 24 |
Focus
⚔️ 55.0% · 🌾 45.0%
Unknown (2579) ×138 · Unknown (2550) ×39 · Monk ×10 · Mangonel ×8 · Trebuchet (Packed) ×6
Feudal
12:17
Castle
15:54
Imperial
42:37
| APM avg | 63.1 |
| APM peak | 116 |
| eAPM avg | 37.0 |
| Villagers / military | 154 / 66 |
Focus
⚔️ 58.8% · 🌾 41.2%
Unknown (1974) ×140 · Scorpion ×28 · Mangonel ×22 · Battering Ram ×9 · Militia ×4 · Monk ×3
Match map
Initial resources + every placement click. Lines = walls · curves = elevation contours. ◆ gold · ⬟ stone · ● berries · ✦ relic · ◌ wall gap
Your base· Open — unwalled flank
STORM | Noszombie's base· Open — unwalled flank
Smoothed initial terrain · ◌ = detected wall gap · hover for details
Inputs per minute
— SalzZ_AntagonisT - - STORM | Noszombie
Build order — SalzZ_AntagonisT
First 150 of 647 actions detected
| 0:00 | Queue | Villager (Male) |
| 0:01 | Queue | Villager (Male) |
| 0:02 | Build | House |
| 0:04 | Build | House |
| 0:08 | Queue | Villager (Male) |
| 0:10 | Queue | Villager (Male) |
| 1:08 | Queue | Villager (Male) |
| 1:09 | Queue | Villager (Male) |
| 1:35 | Queue | Villager (Male) |
| 1:45 | Build | Settlement |
| 2:02 | Queue | Villager (Male) |
| 2:02 | Queue | Villager (Male) |
| 2:13 | Queue | Villager (Male) |
| 2:14 | Queue | Villager (Male) |
| 2:49 | Queue | Villager (Male) |
| 2:49 | Queue | Villager (Male) |
| 3:28 | Queue | Villager (Male) |
| 3:29 | Queue | Villager (Male) |
| 3:47 | Queue | Villager (Male) |
| 4:04 | Queue | Villager (Male) |
| 4:04 | Queue | Villager (Male) |
| 4:08 | Build | Settlement |
| 4:41 | Queue | Villager (Male) |
| 4:41 | Queue | Villager (Male) |
| 4:42 | Queue | Villager (Male) |
| 5:17 | Queue | Villager (Male) |
| 5:17 | Queue | Villager (Male) |
| 5:24 | Queue | Villager (Male) |
| 5:24 | Queue | Villager (Male) |
| 5:49 | Queue | Villager (Male) |
| 5:54 | Queue | Villager (Male) |
| 6:15 | Queue | Villager (Male) |
| 6:15 | Queue | Villager (Male) |
| 6:34 | Queue | Villager (Male) |
| 6:34 | Queue | Villager (Male) |
| 7:00 | Queue | Villager (Male) |
| 7:04 | Queue | Villager (Male) |
| 7:17 | Queue | Villager (Male) |
| 7:24 | Research | Loom |
| 7:45 | Queue | Villager (Male) |
| 8:04 | Build | Settlement |
| 8:17 | Research | Feudal Age |
| 8:17 | Research | Feudal Age |
| 9:03 | Queue | Villager (Male) |
| 9:15 | Queue | Villager (Male) |
| 9:44 | Queue | Villager (Male) |
| 10:31 | Age | Feudal Age |
| 10:34 | Build | Market |
| 10:41 | Build | Blacksmith |
| 11:07 | Build | Palisade Wall |
| 11:45 | Research | Castle Age |
| 11:46 | Research | Castle Age |
| 11:53 | Build | Palisade Wall |
| 11:56 | Build | Palisade Wall |
| 12:25 | Research | Double-Bit Axe |
| 12:25 | Research | Double-Bit Axe |
| 12:48 | Research | Horse Collar |
| 12:48 | Research | Horse Collar |
| 12:49 | Research | Horse Collar |
| 13:05 | Build | Farm |
| 13:17 | Build | Farm |
| 13:30 | Build | Farm |
| 13:54 | Build | Farm |
| 14:05 | Queue | Villager (Male) |
| 14:13 | Build | Farm |
| 14:25 | Age | Castle Age |
| 14:36 | Queue | Villager (Male) |
| 14:50 | Build | Castle |
| 15:01 | Build | Farm |
| 15:03 | Queue | Villager (Male) |
| 15:14 | Build | Farm |
| 15:17 | Queue | Villager (Male) |
| 15:44 | Queue | Villager (Male) |
| 15:49 | Build | Settlement |
| 16:16 | Queue | Villager (Male) |
| 16:41 | Queue | Unit 2579 |
| 16:42 | Queue | Unit 2579 |
| 16:47 | Queue | Villager (Male) |
| 16:55 | Queue | Villager (Male) |
| 17:12 | Queue | Unit 2579 |
| 17:12 | Queue | Unit 2579 |
| 17:14 | Queue | Villager (Male) |
| 17:15 | Build | House |
| 17:22 | Build | Farm |
| 17:28 | Build | House |
| 17:41 | Build | Palisade Wall |
| 17:42 | Queue | Villager (Male) |
| 17:45 | Queue | Unit 2579 |
| 17:46 | Queue | Unit 2579 |
| 17:49 | Build | House |
| 17:51 | Build | Palisade Wall |
| 17:54 | Build | Palisade Wall |
| 17:56 | Build | Palisade Wall |
| 17:58 | Queue | Unit 2579 |
| 17:58 | Queue | Unit 2579 |
| 18:07 | Build | Monastery |
| 18:14 | Queue | Unit 2579 |
| 18:14 | Queue | Unit 2579 |
| 18:15 | Queue | Villager (Male) |
| 18:16 | Queue | Villager (Male) |
| 18:34 | Queue | Unit 2579 |
| 18:36 | Build | Farm |
| 18:46 | Queue | Monk |
| 18:47 | Queue | Monk |
| 18:51 | Queue | Villager (Male) |
| 18:53 | Queue | Unit 2579 |
| 19:03 | Queue | Unit 2579 |
| 19:04 | Queue | Unit 2579 |
| 19:12 | Queue | Villager (Male) |
| 19:14 | Queue | Unit 2579 |
| 19:14 | Queue | Unit 2579 |
| 19:30 | Queue | Villager (Male) |
| 19:42 | Queue | Unit 2579 |
| 19:42 | Queue | Unit 2579 |
| 19:43 | Queue | Unit 2579 |
| 20:00 | Queue | Unit 2579 |
| 20:00 | Queue | Unit 2579 |
| 20:10 | Queue | Unit 2579 |
| 20:11 | Queue | Villager (Male) |
| 20:14 | Queue | Villager (Male) |
| 20:33 | Queue | Unit 2579 |
| 20:33 | Queue | Unit 2579 |
| 20:46 | Queue | Unit 2579 |
| 20:53 | Queue | Unit 2579 |
| 20:54 | Queue | Villager (Male) |
| 20:55 | Queue | Villager (Male) |
| 21:01 | Build | House |
| 21:05 | Queue | Monk |
| 21:17 | Build | House |
| 21:20 | Build | Palisade Wall |
| 21:23 | Queue | Unit 2579 |
| 21:33 | Queue | Villager (Male) |
| 21:52 | Queue | Unit 2579 |
| 21:57 | Queue | Villager (Male) |
| 22:01 | Queue | Monk |
| 22:04 | Build | Outpost |
| 22:05 | Build | Outpost |
| 22:06 | Queue | Villager (Male) |
| 22:11 | Research | Fletching |
| 22:12 | Research | Fletching |
| 22:16 | Queue | Unit 2579 |
| 22:17 | Queue | Unit 2579 |
| 22:24 | Queue | Villager (Male) |
| 22:33 | Build | Farm |
| 22:43 | Queue | Unit 2579 |
| 22:45 | Queue | Villager (Male) |
| 22:50 | Build | Farm |
| 22:55 | Queue | Monk |
| 23:01 | Research | Town Watch |
| 23:07 | Queue | Villager (Male) |
Build order — STORM | Noszombie
First 150 of 535 actions detected
| 0:02 | Queue | Villager (Male) |
| 0:02 | Queue | Villager (Male) |
| 0:03 | Build | House |
| 0:04 | Build | House |
| 0:13 | Queue | Villager (Male) |
| 0:20 | Queue | Villager (Male) |
| 1:35 | Queue | Villager (Male) |
| 1:58 | Queue | Villager (Male) |
| 2:09 | Queue | Villager (Male) |
| 2:09 | Queue | Villager (Male) |
| 2:32 | Queue | Villager (Male) |
| 2:32 | Queue | Villager (Male) |
| 2:37 | Build | Lumber Camp |
| 3:09 | Queue | Villager (Male) |
| 3:09 | Queue | Villager (Male) |
| 3:48 | Queue | Villager (Male) |
| 3:49 | Queue | Villager (Male) |
| 3:59 | Build | House |
| 4:05 | Queue | Villager (Male) |
| 4:05 | Queue | Villager (Male) |
| 4:38 | Build | Barracks |
| 4:44 | Queue | Villager (Male) |
| 5:14 | Build | House |
| 5:22 | Queue | Villager (Male) |
| 5:31 | Queue | Militia |
| 5:31 | Queue | Militia |
| 5:43 | Queue | Villager (Male) |
| 5:57 | Queue | Villager (Male) |
| 6:06 | Queue | Militia |
| 6:07 | Queue | Villager (Male) |
| 6:29 | Build | House |
| 6:35 | Build | Mill |
| 6:37 | Queue | Villager (Male) |
| 6:48 | Queue | Villager (Male) |
| 7:03 | Queue | Villager (Male) |
| 7:31 | Queue | Villager (Male) |
| 7:49 | Queue | Villager (Male) |
| 7:57 | Queue | Villager (Male) |
| 8:06 | Queue | Villager (Male) |
| 8:07 | Build | Farm |
| 8:14 | Queue | Villager (Male) |
| 8:19 | Build | Mining Camp |
| 8:34 | Build | House |
| 9:01 | Queue | Villager (Male) |
| 9:28 | Build | Farm |
| 10:07 | Research | Feudal Age |
| 10:07 | Research | Feudal Age |
| 10:10 | Build | Farm |
| 10:38 | Queue | Villager (Male) |
| 10:39 | Queue | Villager (Male) |
| 11:39 | Queue | Villager (Male) |
| 12:17 | Age | Feudal Age |
| 12:21 | Build | Market |
| 12:24 | Build | Blacksmith |
| 12:25 | Queue | Villager (Male) |
| 12:31 | Build | House |
| 12:59 | Research | Man-at-Arms (upgrade) |
| 13:14 | Research | Castle Age |
| 13:18 | Build | Farm |
| 13:40 | Build | Stone Wall |
| 13:42 | Build | Stone Wall |
| 13:45 | Build | Mill |
| 14:01 | Build | Barracks |
| 14:07 | Queue | Militia |
| 14:28 | Research | Horse Collar |
| 14:41 | Research | Double-Bit Axe |
| 14:42 | Research | Double-Bit Axe |
| 14:58 | Research | Loom |
| 15:18 | Research | Scale Mail Armor |
| 15:20 | Build | Farm |
| 15:22 | Build | Farm |
| 15:24 | Build | Farm |
| 15:54 | Age | Castle Age |
| 15:58 | Queue | Unit 1974 |
| 15:58 | Queue | Unit 1974 |
| 16:12 | Build | Farm |
| 16:13 | Build | Farm |
| 16:14 | Build | Farm |
| 16:17 | Queue | Villager (Male) |
| 16:19 | Queue | Unit 1974 |
| 16:19 | Queue | Unit 1974 |
| 16:34 | Queue | Villager (Male) |
| 16:42 | Queue | Unit 1974 |
| 16:47 | Build | Farm |
| 16:54 | Queue | Unit 1974 |
| 17:12 | Queue | Unit 1974 |
| 17:21 | Queue | Villager (Male) |
| 17:21 | Queue | Villager (Male) |
| 17:23 | Build | House |
| 17:26 | Build | House |
| 17:28 | Build | House |
| 17:41 | Queue | Unit 1974 |
| 17:53 | Queue | Villager (Male) |
| 18:00 | Queue | Villager (Male) |
| 18:09 | Queue | Villager (Male) |
| 18:19 | Research | Heavy Plow |
| 18:19 | Research | Heavy Plow |
| 18:21 | Queue | Villager (Male) |
| 18:21 | Queue | Villager (Male) |
| 18:29 | Queue | Unit 1974 |
| 18:42 | Queue | Villager (Male) |
| 18:51 | Build | House |
| 19:02 | Research | Bow Saw |
| 19:17 | Research | Arson |
| 19:24 | Queue | Villager (Male) |
| 19:29 | Build | Siege Workshop |
| 20:10 | Queue | Unit 1974 |
| 20:16 | Queue | Villager (Male) |
| 20:21 | Build | House |
| 20:22 | Build | House |
| 20:24 | Queue | Scorpion |
| 20:24 | Queue | Scorpion |
| 20:30 | Research | Wheelbarrow |
| 20:32 | Queue | Villager (Male) |
| 20:43 | Queue | Villager (Male) |
| 20:50 | Queue | Unit 1974 |
| 20:55 | Queue | Villager (Male) |
| 21:01 | Build | House |
| 21:10 | Build | Stone Wall |
| 21:24 | Build | Town Center |
| 21:28 | Queue | Scorpion |
| 21:38 | Research | Chain Mail Armor |
| 21:40 | Queue | Unit 1974 |
| 21:40 | Queue | Unit 1974 |
| 21:55 | Queue | Villager (Male) |
| 22:23 | Build | Mining Camp |
| 22:30 | Queue | Villager (Male) |
| 22:48 | Queue | Unit 1974 |
| 22:50 | Queue | Villager (Male) |
| 22:51 | Queue | Scorpion |
| 23:08 | Queue | Villager (Male) |
| 23:13 | Build | House |
| 23:17 | Queue | Unit 1974 |
| 23:17 | Queue | Unit 1974 |
| 23:33 | Queue | Villager (Male) |
| 23:41 | Queue | Mangonel |
| 23:44 | Queue | Villager (Male) |
| 23:53 | Research | Squires |
| 23:54 | Queue | Villager (Male) |
| 24:03 | Build | Farm |
| 24:03 | Build | Farm |
| 24:04 | Build | Farm |
| 24:11 | Queue | Villager (Male) |
| 24:14 | Build | Gate |
| 24:16 | Build | Stone Wall |
| 24:17 | Queue | Villager (Male) |
| 24:18 | Queue | Villager (Male) |
| 24:22 | Build | House |
| 24:23 | Build | House |
| 24:25 | Build | House |
Match timeline
| 4:38 | STORM | Noszombie · first_building Barracks |
| 10:31 | SalzZ_AntagonisT · age_up feudal |
| 11:07 | SalzZ_AntagonisT · wall_segment Palisade Wall x1 |
| 11:33 | SalzZ_AntagonisT · first_market_sell 100 wood |
| 11:53 | SalzZ_AntagonisT · wall_segment Palisade Wall x6 |
| 11:56 | SalzZ_AntagonisT · wall_segment Palisade Wall x5 |
| 12:17 | STORM | Noszombie · age_up feudal |
| 13:40 | STORM | Noszombie · wall_segment Stone Wall x1 |
| 13:42 | STORM | Noszombie · wall_segment Stone Wall x10 |
| 13:58 | STORM | Noszombie · first_market_buy 100 wood |
| 14:25 | SalzZ_AntagonisT · age_up castle |
| 14:50 | SalzZ_AntagonisT · first_building Castle |
| 15:54 | STORM | Noszombie · age_up castle |
| 17:41 | SalzZ_AntagonisT · wall_segment Palisade Wall x1 |
| 17:51 | SalzZ_AntagonisT · wall_segment Palisade Wall x1 |
| 17:54 | SalzZ_AntagonisT · wall_segment Palisade Wall x1 |
| 17:56 | SalzZ_AntagonisT · wall_segment Palisade Wall x1 |
| 18:07 | SalzZ_AntagonisT · first_building Monastery |
| 19:29 | STORM | Noszombie · first_building Siege Workshop |
| 21:10 | STORM | Noszombie · wall_segment Stone Wall x13 |
| 21:20 | SalzZ_AntagonisT · wall_segment Palisade Wall x1 |
| 21:37 | STORM | Noszombie · first_market_sell 100 food |
| 22:11 | SalzZ_AntagonisT · first_market_buy 100 food |
| 24:16 | STORM | Noszombie · wall_segment Stone Wall x2 |
| 24:38 | STORM | Noszombie · first_building Monastery |
| 26:51 | SalzZ_AntagonisT · first_building Siege Workshop |
| 33:34 | STORM | Noszombie · first_building Castle |
| 38:11 | SalzZ_AntagonisT · age_up imperial |
| 42:37 | STORM | Noszombie · age_up imperial |
| 43:24 | SalzZ_AntagonisT · first_building Barracks |
| 44:06 | SalzZ_AntagonisT · first_building Archery Range |
| 48:24 | STORM | Noszombie · resign |
[ AI ANALYSIS · 1 CREDIT ]
What really happened in this match?
Wolo.gg analyzes every decision: build order, eco, micro, common mistakes by bracket. Personalized analysis on WhatsApp or Discord in 30 seconds.
Civ guide
Tupi
Perfil
Jugador #2589331